Map: Jagannatha LE

Players

Solar - Winner!

  • Race: Zerg Zerg
  • League: Master
  • Spawn Location: 7:00

Serral

  • Race: Zerg Zerg
  • Spawn Location: 1:00

VOD

Have the link to the VOD?

Description

Time

  • Played on: Jan. 15, 2021, 9:23 a.m.
  • Length: 6:35
Show
View Real Time Build Order
Export as new Build Order

Solar Zerg - Winner!

Build Orders: Hatch First 

Get SALT Encoding   

  12  0:01  Drone  
  13  0:13  Overlord  
  13  0:17  Drone  
  14  0:31  Drone  
  14  0:32  Drone  
  16  0:48  Hatchery  
  15  0:51  Drone  
  15  0:55  Drone  
  17  0:58  Drone  
  17  1:02  Extractor  
  17  1:14  Spawning Pool  
  17  1:17  Drone  
  17  1:21  Drone  
  18  1:29  Drone  
  19  1:42  Drone  
  20  1:56  Drone  
  20  2:00  Queen  
  20  2:01  Queen  
  25  2:02  Metabolic Boost  
  25  2:03  Zergling x2  
  26  2:09  Overlord  
  26  2:13  Drone  
  26  2:14  Drone  
  28  2:27  Zergling x2  
  28  2:28  Drone  
  30  2:35  Hatchery  
  29  2:37  Drone  
  29  2:40  Drone  
  29  2:44  Overlord  
  31  2:48  Drone  
  32  2:54  Zergling x2  
  33  3:10  Zergling x18  
  42  3:20  Roach Warren  
  42  3:21  Drone  
  42  3:24  Overlord  
  42  3:29  Drone  
  42  3:30  Drone  
  44  3:40  Overlord  
  44  3:43  Overlord  
  42  3:57  Overlord, Queen  
  42  4:02  Roach x4  
  52  4:05  Roach  
  55  4:10  Roach  
  55  4:12  Roach  
  55  4:14  Roach  
  57  4:19  Drone  
  57  4:21  Drone x2  
  60  4:28  Drone x2  
  60  4:30  Drone, Evolution Chamber  
  61  4:33  Roach  
  63  4:41  Drone x2  
  63  4:43  Drone  
  66  4:46  Extractor  
  66  4:47  Drone  
  66  4:50  Overlord  
  70  4:52  Roach  
  70  4:53  Roach  
  70  4:59  Drone  
  73  5:00  Drone x2  
  73  5:02  Drone  
  73  5:06  Zergling x6  
  77  5:10  Roach  
  77  5:13  Roach  
  81  5:15  Zergling x4  
  81  5:17  Roach x2  
  81  5:20  Roach  
  84  5:22  Roach  
  84  5:25  Roach  
  84  5:27  Roach  
  85  5:32  Overlord  
  85  5:34  Overlord  
  85  5:35  Extractor  
  84  5:42  Overlord  
  84  5:46  Drone x4  
  88  5:50  Drone  
  88  5:52  Roach x2  
  88  5:55  Zergling x2  
  88  5:56  Zergling x2  
  91  6:00  Overlord  
  91  6:07  Roach x2  
  91  6:09  Overlord  
  94  6:15  Roach  
Show
View Real Time Build Order
Export as new Build Order

Serral Zerg 

Build Orders: Hatch First, Zergling Baneling 

Get SALT Encoding   

  12  0:00  Drone  
  13  0:12  Overlord  
  13  0:17  Drone  
  14  0:31  Drone x2  
  16  0:48  Hatchery  
  15  0:51  Drone  
  15  0:55  Drone  
  17  0:59  Drone  
  18  1:09  Extractor  
  17  1:14  Spawning Pool  
  17  1:17  Drone  
  17  1:20  Drone  
  18  1:28  Drone  
  19  1:39  Drone  
  20  1:49  Drone  
  21  2:00  Queen  
  21  2:01  Zergling x2, Overlord, Queen  
  26  2:10  Metabolic Boost  
  26  2:12  Drone x2  
  28  2:21  Drone  
  28  2:22  Drone  
  30  2:33  Hatchery  
  30  2:36  Zergling x2  
  30  2:39  Drone  
  31  2:44  Baneling Nest  
  31  2:49  Drone  
  31  2:51  Overlord  
  31  2:54  Drone  
  33  2:58  Drone  
  33  3:06  Zergling x4  
  33  3:09  Drone x3  
  33  3:11  Drone  
  39  3:13  Drone  
  39  3:16  Overlord  
  40  3:20  Zergling x2  
  40  3:21  Zergling x2  
  41  3:27  Evolution Chamber  
  41  3:28  Baneling  
  41  3:29  Zergling x2  
  41  3:36  Queen  
  41  3:38  Zergling x2  
  44  3:46  Zergling x6  
  44  3:48  Zergling x6  
  49  3:50  Zergling x2  
  49  3:52  Zergling x2  
  49  3:54  Baneling x2  
  48  3:57  Zerg Melee Weapons Level 1  
  48  3:58  Zergling x2  
  48  4:00  Zergling x2  
  48  4:02  Zergling x2  
  51  4:05  Zergling x2  
  49  4:21  Overlord  
  49  4:23  Hatchery  
  48  4:25  Zergling x2  
  48  4:26  Zergling x4  
  51  4:32  Overlord  
  51  4:42  Zergling x10  
  56  4:47  Queen  
  56  4:49  Baneling x6  
  58  4:55  Zergling x6  
  61  5:02  Zergling x8  
  65  5:12  Zergling x4  
  63  5:22  Zergling x8  
  63  5:27  Zergling x2  
  63  5:28  Zergling x6  
  57  5:36  Zergling x4  
  57  5:41  Zergling x2  
  58  5:45  Zergling x2  
  58  5:47  Overlord  
  59  5:52  Zergling x2  
  59  5:57  Zergling x10  
  59  6:03  Zergling x2  
  65  6:06  Zergling x10  
  65  6:08  Baneling x9  
  65  6:10  Zergling x2  
  70  6:15  Zergling x4  
  70  6:16  Zergling x2  
Tags
 
Add a new tag
Caveats
  • Supply blocks, unpowered buildings, or Contaminate may cause inaccurate times.
  • Supply counts are checked every 10 seconds.